Map: Thunderbird LE

Players

FIX

  • Race: Protoss Protoss
  • League: Master
  • Spawn Location: 11:00

Mez - Winner!

  • Race: Terran Terran
  • League: Master
  • Spawn Location: 5:00

VOD

Have the link to the VOD?

Description

Time

  • Played on: Sept. 2, 2019, 4:29 a.m.
  • Length: 11:40
Show
View Real Time Build Order
Export as new Build Order

FIX Protoss 

Build Orders: 1 Gate Expand, Blink Stalkers 

Get SALT Encoding   

  12  0:01  Probe  
  13  0:13  Probe  
  14  0:18  Pylon  
  14  0:25  Probe  
  15  0:35  Probe  
  15  0:37  Gateway  
  16  0:43  Probe  
  16  0:49  Assimilator  
  17  0:53  Probe  
  18  1:01  Probe  
  18  1:09  Probe  
  20  1:24  Nexus  
  20  1:38  Cybernetics Core  
  20  1:39  Probe  
  21  1:51  Probe  
  22  1:55  Pylon  
  22  2:01  Assimilator  
  22  2:03  Probe  
  22  2:04  Adept  
  23  2:15  Warp Gate, Probe  
  26  2:27  Probe  
  26  2:28  Twilight Council  
  27  2:34  Adept  
  28  2:38  Probe  
  29  2:45  Blink  
  29  2:46  Probe  
  29  2:47  Probe  
  31  2:54  Probe  
  31  2:59  Probe  
  33  3:06  Probe  
  34  3:22  Probe x2  
  34  3:26  Pylon  
  36  3:30  Robotics Facility  
  36  3:34  Probe  
  37  3:39  Probe  
  38  3:46  Probe  
  39  3:51  Probe  
  39  3:54  Pylon  
  42  3:58  Probe  
  42  3:59  Gateway  
  42  4:01  Gateway  
  41  4:03  Probe  
  41  4:09  Assimilator  
  42  4:10  Probe  
  42  4:11  Observer, Assimilator  
  42  4:14  Stalker  
  42  4:15  Probe  
  47  4:24  Nexus  
  47  4:25  Pylon  
  47  4:30  Observer  
  47  4:33  Pylon  
  47  4:34  Probe  
  47  4:35  Probe  
  50  4:42  Stalker  
  52  4:47  Probe x2  
  53  4:56  Stalker x2  
  53  4:59  Probe x2  
  59  5:03  Observer  
  60  5:07  Charge  
  60  5:15  Stalker  
  62  5:23  Forge, Stalker x2  
  62  5:25  Forge  
  62  5:27  Pylon  
  62  5:28  Probe x2  
  68  5:31  Protoss Ground Armor Level 1  
  68  5:34  Pylon  
  68  5:36  Pylon  
  68  5:37  Protoss Ground Weapons Level 1  
  68  5:40  Probe x2  
  70  5:50  Gateway  
  70  5:51  Gateway  
  70  5:53  Gateway  
  69  6:03  Zealot, Sentry x2  
  75  6:09  Gateway  
  75  6:14  Immortal  
  79  6:32  Pylon  
  79  6:34  Pylon  
  79  6:35  Zealot x3  
  79  6:37  Probe x3  
  88  6:43  Immortal  
  88  6:49  Probe x2  
  94  6:55  Zealot x3  
  100  7:08  Templar Archives  
  100  7:09  Probe x2  
  100  7:13  Pylon  
  102  7:16  Pylon  
  102  7:25  Immortal  
  106  7:31  Zealot  
  106  7:32  Zealot x5  
  118  7:41  Protoss Ground Weapons Level 2  
  96  7:51  Protoss Ground Armor Level 2  
  96  7:56  Zealot x3  
  96  7:57  Zealot x4  
  96  8:13  Probe x3  
  96  8:15  Assimilator  
  96  8:16  Psionic Storm  
  96  8:19  Assimilator  
  99  8:20  High Templar x4  
  99  8:21  Pylon  
  99  8:25  Photon Cannon  
  107  8:27  Probe x2  
  107  8:28  Photon Cannon  
  110  8:34  Observer  
  110  8:35  Probe  
  110  8:39  Probe  
  112  8:41  Photon Cannon  
  112  8:42  Probe  
  112  8:43  Probe  
  112  8:44  Photon Cannon  
  114  8:51  Probe  
  114  8:54  Probe, Robotics Bay  
  116  8:56  Robotics Facility  
  116  9:06  Photon Cannon  
  116  9:19  Zealot x2  
  116  9:21  Nexus  
  116  9:22  Pylon  
  116  9:23  Warp Prism  
  122  9:25  Pylon  
  122  9:39  Shield Battery  
  122  9:40  Pylon  
  122  9:42  Pylon, Extended Thermal Lance  
  122  9:44  Shield Battery x2, Zealot x2  
  122  9:45  Zealot x2  
  130  9:58  Probe x2  
  124  10:21  Colossus  
  108  10:32  Zealot x2  
  108  10:33  Zealot x5  
  108  10:34  Colossus  
  132  10:46  Pylon, Probe x2  
  132  10:49  Assimilator  
  134  10:53  Assimilator  
  98  11:04  Zealot x2  
  98  11:05  Zealot x5  
  83  11:25  Zealot  
  83  11:26  Zealot x5  
  83  11:27  Zealot  
Show
View Real Time Build Order
Export as new Build Order

Mez Terran - Winner!

Build Orders: Reaper Expand 

Get SALT Encoding   

  12  0:01  SCV  
  13  0:13  SCV  
  14  0:16  Supply Depot  
  14  0:25  SCV  
  15  0:38  SCV  
  15  0:41  Barracks  
  16  0:43  Refinery  
  16  0:50  SCV  
  17  1:02  SCV  
  18  1:14  SCV  
  19  1:29  Orbital Command, Reaper  
  20  1:46  Command Center  
  20  1:55  Bunker  
  20  1:59  SCV  
  21  2:01  Supply Depot  
  21  2:05  Marine  
  22  2:11  SCV  
  23  2:23  SCV  
  23  2:24  Barracks Reactor  
  24  2:34  Command Center  
  24  2:46  SCV  
  24  2:50  Factory  
  25  3:00  SCV  
  25  3:01  Orbital Command, Marine x2  
  28  3:12  Refinery  
  28  3:19  Marine x2, SCV  
  31  3:31  SCV  
  32  3:35  SCV  
  32  3:36  Widow Mine  
  32  3:39  Starport  
  35  3:43  SCV  
  35  3:47  Orbital Command  
  36  3:52  Marine x2  
  36  3:54  SCV  
  36  3:55  SCV  
  40  4:00  Widow Mine  
  42  4:06  SCV  
  42  4:07  SCV  
  44  4:12  Marine x2  
  44  4:15  SCV  
  44  4:16  Refinery  
  47  4:17  Starport Tech Lab  
  47  4:18  SCV  
  47  4:22  SCV  
  47  4:23  Barracks  
  49  4:25  Supply Depot  
  49  4:27  SCV  
  49  4:30  SCV  
  51  4:34  Factory Tech Lab, SCV  
  51  4:37  Raven  
  54  4:39  SCV  
  54  4:41  Barracks  
  54  4:42  SCV  
  56  4:46  SCV  
  56  4:51  SCV  
  58  4:53  Marine x2  
  58  4:55  SCV  
  58  4:58  SCV  
  61  5:01  Supply Depot, Orbital Command  
  61  5:02  Supply Depot  
  61  5:06  Refinery  
  61  5:07  Factory Reactor  
  61  5:09  Engineering Bay x2  
  61  5:15  SCV x2  
  61  5:21  Marauder, Marine x2  
  66  5:22  Stimpack  
  66  5:26  SCV  
  66  5:27  SCV  
  69  5:36  Supply Depot  
  69  5:37  Terran Infantry Armor Level 1, Terran Infantry Weapons Level 1  
  69  5:38  Supply Depot  
  69  5:39  SCV x2  
  71  5:43  Marine, SCV  
  71  5:44  Marine  
  71  5:45  Marauder  
  71  5:49  Combat Shield  
  76  5:51  SCV x2  
  76  5:53  Factory Reactor  
  76  5:54  Marauder  
  76  5:55  SCV  
  76  5:56  Medivac x2  
  85  6:03  SCV x2  
  87  6:04  Barracks  
  87  6:05  Barracks  
  87  6:07  SCV  
  87  6:08  Supply Depot  
  88  6:13  Marine  
  88  6:14  Marauder, Marine  
  88  6:17  SCV x2  
  94  6:23  SCV  
  95  6:27  Refinery  
  95  6:29  Medivac x2, SCV x2  
  95  6:31  Armory  
  101  6:34  Widow Mine x2  
  101  6:35  Marauder, Marine x2  
  109  6:53  Barracks Tech Lab, Barracks Reactor  
  109  6:55  Supply Depot x2, Marine x3  
  109  6:56  SCV x3  
  109  6:59  Refinery  
  109  7:00  Widow Mine  
  117  7:08  SCV  
  117  7:16  Marauder x3, SCV x2, Marine x2  
  117  7:17  Widow Mine  
  117  7:18  Supply Depot  
  117  7:19  Ghost Academy  
  117  7:20  Supply Depot  
  117  7:21  Concussive Shells  
  127  7:25  SCV  
  127  7:28  SCV x2  
  127  7:29  Command Center  
  129  7:34  Marine x2  
  129  7:35  Marine x2  
  133  7:39  SCV  
  133  7:40  Marauder x2, SCV x2  
  122  7:57  Marine  
  122  7:58  Marauder, Marine x3  
  116  8:01  Marauder x2  
  116  8:12  Enhanced Shockwaves  
  116  8:13  Terran Infantry Weapons Level 2  
  116  8:14  Terran Infantry Armor Level 2  
  116  8:16  Barracks  
  116  8:17  Barracks  
  116  8:18  Marine x3  
  116  8:19  Marauder, Barracks  
  121  8:22  Marauder x2  
  121  8:27  Widow Mine x2  
  129  8:30  Supply Depot  
  129  8:31  Supply Depot  
  129  8:32  Supply Depot, Terran Ship Weapons Level 1  
  129  8:41  Marauder  
  131  8:42  Missile Turret x2  
  131  8:43  Missile Turret  
  131  8:47  Ghost x2  
  135  8:52  Marine x3  
  138  8:59  Medivac  
  138  9:00  Medivac  
  138  9:01  Ghost  
  144  9:03  Sensor Tower  
  144  9:04  SCV x2  
  144  9:08  Planetary Fortress  
  146  9:13  Barracks Tech Lab x3  
  146  9:24  Ghost x2  
  146  9:25  Marine x2  
  146  9:30  Marauder  
  154  9:43  Marauder x3, Marine x2  
  162  9:46  SCV x3  
  162  9:47  SCV  
  162  9:50  Starport, Refinery x2  
  162  9:51  Starport  
  166  9:54  Command Center  
  165  10:17  Viking x2  
  168  10:28  Widow Mine  
  168  10:29  Widow Mine  
  168  10:30  Marauder x3, Liberator x2, Marine x4  
  168  10:34  Starport Tech Lab  
  168  10:35  Starport Reactor  
  176  10:37  Fusion Core  
  184  10:50  Widow Mine x2  
  180  11:02  Marauder  
  171  11:06  Marauder, Marine x2  
  171  11:07  Marauder x2, Marine x2  
  173  11:11  Marauder x2  
Tags
 
Add a new tag
Caveats
  • Supply blocks, unpowered buildings, or Contaminate may cause inaccurate times.
  • Supply counts are checked every 10 seconds.